DSL
DSL LOS ANGELES (A) ANGELS @ DSL TEXAS RANGERS
07/07/2041
 
TOP OF THE 1ST
DSL Los Angeles (A) Angels batting - Pitching for DSL Texas Rangers : RHP Charlie Everett
Pitching: RHP Charlie Everett
Batting: RHB Alfredo Ramírez 0-0: Ball
1-0: Ball
2-0: Called Strike
2-1: Ball
3-1: Foul Ball, location: 2F
3-2: Strikes out swinging
Batting: RHB Nelson Santos 0-0: Ball
1-0: Fly out, F8 (Flyball, 8RXD, EV 93.8 MPH)
Batting: LHB Mauro Aranda 0-0: Ball
1-0: Ball
2-0: Called Strike
2-1: Ball
3-1: Base on Balls
Batting: RHB António Toro 0-0: Called Strike
Mauro Aranda steals 2nd base
0-1: Foul Ball, location: 5FF
0-2: Foul Ball, location: 2F
0-2: Ball
1-2: Ground out 4-3 (Groundball, 4MD, EV 103.8 MPH)
Top of the 1st over - 0 runs, 0 hits, 0 errors, 1 left on base; DSL Los Angeles (A) 0 - DSL Texas 0
BOTTOM OF THE 1ST
DSL Texas Rangers batting - Pitching for DSL Los Angeles (A) Angels : RHP Esteban Díaz
Pitching: RHP Esteban Díaz
Batting: RHB Eddie King 0-0: Ball
1-0: SOLO HOME RUN (Flyball, 7D, EV 103.1 MPH), Distance : 418 ft
Batting: RHB Steve Palmer 0-0: Ball
1-0: Swinging Strike
1-1: Foul Ball, location: 2F
1-2: Ball
2-2: Ball
3-2: Strikes out swinging
Batting: LHB Greg Ibáñez 0-0: Ball
1-0: Called Strike
1-1: Ball
2-1: Called Strike
2-2: Foul Ball, location: 5SF
2-2: Ball
3-2: Foul Ball, location: 7LSF
3-2: Ground out 4-3 (Groundball, 4, EV 77.5 MPH)
Batting: RHB Dana Ward 0-0: Ball
1-0: Ball
2-0: Ball
3-0: Called Strike
3-1: Base on Balls
Batting: RHB Chris Armstrong 0-0: Called Strike
0-1: Called Strike
0-2: Foul Ball, location: 2F
0-2: Ball
1-2: Strikes out swinging
Bottom of the 1st over - 1 run, 1 hit, 0 errors, 1 left on base; DSL Los Angeles (A) 0 - DSL Texas 1
TOP OF THE 2ND
DSL Los Angeles (A) Angels batting - Pitching for DSL Texas Rangers : RHP Charlie Everett
Batting: RHB Octávio Ramírez 0-0: Called Strike
0-1: Foul Ball, location: 2F
0-2: Ball
1-2: Strikes out swinging
Batting: LHB Juan Fabián 0-0: Ball
1-0: Ball
2-0: Called Strike
2-1: Foul Ball, location: 5DF
2-2: Strikes out swinging
Batting: SHB Dani Vega 0-0: Foul Ball, location: 3DF
0-1: Swinging Strike
0-2: Foul Ball, location: 7LMF
0-2: Ball
1-2: Ball
2-2: Foul Ball, location: 2F
2-2: Strikes out looking
Top of the 2nd over - 0 runs, 0 hits, 0 errors, 0 left on base; DSL Los Angeles (A) 0 - DSL Texas 1
BOTTOM OF THE 2ND
DSL Texas Rangers batting - Pitching for DSL Los Angeles (A) Angels : RHP Esteban Díaz
Batting: RHB Mike Gaughan 0-0: Called Strike
0-1: Ball
1-1: Swinging Strike
1-2: Ball
2-2: Strikes out swinging, 2-3 out at first.
Batting: LHB Luis Fontanez 0-0: Called Strike
0-1: SOLO HOME RUN (Flyball, 9LD, EV 97.5 MPH), Distance : 383 ft
Batting: LHB Dan Lee 0-0: Ball
1-0: Bunted foul
1-1: SINGLE (Line Drive, 34, EV 101.9 MPH)
Batting: RHB Ron Hawkins 0-0: Fielders Choice at 2nd, 4-6 (Groundball, 34, EV 108.1 MPH)
Batting: RHB Eddie King 0-0: Ball
1-0: Ball
2-0: Ball
3-0: Base on Balls
Ron Hawkins to second
Batting: RHB Steve Palmer 0-0: Called Strike
0-1: Foul Ball, location: 2F
0-2: Strikes out swinging
Bottom of the 2nd over - 1 run, 2 hits, 0 errors, 2 left on base; DSL Los Angeles (A) 0 - DSL Texas 2
TOP OF THE 3RD
DSL Los Angeles (A) Angels batting - Pitching for DSL Texas Rangers : RHP Charlie Everett
Batting: SHB José Hernández 0-0: Ball
1-0: Ball
2-0: Ball
3-0: Called Strike
3-1: Called Strike
3-2: Base on Balls
Batting: RHB Manny García 0-0: Called Strike
0-1: Sac Bunt to P - play at first, batter OUT! 1-3
José Hernández to second
Batting: RHB Alfredo Ramírez 0-0: Ball
1-0: Called Strike
1-1: Ball
2-1: Swinging Strike
2-2: Strikes out swinging
Batting: RHB Nelson Santos 0-0: Called Strike
0-1: Swinging Strike
0-2: Ball
1-2: Ball
2-2: Ground out 5-3 (Groundball, 25, EV 80.6 MPH)
Top of the 3rd over - 0 runs, 0 hits, 0 errors, 1 left on base; DSL Los Angeles (A) 0 - DSL Texas 2
BOTTOM OF THE 3RD
DSL Texas Rangers batting - Pitching for DSL Los Angeles (A) Angels : RHP Esteban Díaz
Batting: LHB Greg Ibáñez 0-0: Ball
1-0: Foul Ball, location: 2F
1-1: Foul Ball, location: 5F
1-2: Foul Ball, location: 25F
1-2: Ball
2-2: Foul Ball, location: 2F
2-2: Ball
3-2: Foul Ball, location: 3FF
3-2: DOUBLE (Line Drive, 7LD, EV 110.6 MPH)
Batting: RHB Dana Ward 0-0: Hit by Pitch
Batting: RHB Chris Armstrong 0-0: Ball
1-0: Called Strike
1-1: Ball
2-1: Ball
3-1: Called Strike
3-2: Strikes out looking
Batting: RHB Mike Gaughan 0-0: Called Strike
0-1: Called Strike
0-2: Ball
1-2: Ball
2-2: Foul Ball, location: 3FF
2-2: Ball
3-2: Base on Balls
Greg Ibáñez to third
Dana Ward to second
Batting: LHB Luis Fontanez 0-0: Foul Ball, location: 2F
0-1: Ball
1-1: Called Strike
1-2: Strikes out swinging
Batting: LHB Dan Lee 0-0: Ball
1-0: Ball
2-0: Called Strike
2-1: Foul Ball, location: 7LSF
2-2: Ball
3-2: Strikes out swinging
Bottom of the 3rd over - 0 runs, 1 hit, 0 errors, 3 left on base; DSL Los Angeles (A) 0 - DSL Texas 2
TOP OF THE 4TH
DSL Los Angeles (A) Angels batting - Pitching for DSL Texas Rangers : RHP Charlie Everett
Batting: LHB Mauro Aranda 0-0: Foul Ball, location: 9LDF
0-1: Ground out 4-3 (Groundball, 4MS, EV 82.5 MPH)
Batting: RHB António Toro 0-0: Ball
1-0: Foul Ball, location: 2F
1-1: Ball
2-1: Swinging Strike
2-2: Fly out, F8 (Flyball, 89D, EV 110.6 MPH)
Batting: RHB Octávio Ramírez 0-0: Ground out 5-3 (Groundball, 5L, EV 88.1 MPH)
Top of the 4th over - 0 runs, 0 hits, 0 errors, 0 left on base; DSL Los Angeles (A) 0 - DSL Texas 2
BOTTOM OF THE 4TH
DSL Texas Rangers batting - Pitching for DSL Los Angeles (A) Angels : RHP Esteban Díaz
Batting: RHB Ron Hawkins 0-0: Ball
1-0: Ball
2-0: Ground out 1-3 (Groundball, 13, EV 75.6 MPH)
Batting: RHB Eddie King 0-0: Swinging Strike
0-1: Foul Ball, location: 2F
0-2: Ball
1-2: TRIPLE (Line Drive, 78XD, EV 100.0 MPH)
Batting: RHB Steve Palmer 0-0: Ball
1-0: Called Strike
1-1: Ball
2-1: Foul Ball, location: 2F
2-2: Strikes out looking
Batting: LHB Greg Ibáñez 0-0: Ball
1-0: Called Strike
1-1: Swinging Strike
1-2: Foul Ball, location: 7LSF
1-2: Ball
2-2: Ball
3-2: Foul Ball, location: 5FF
3-2: Base on Balls
Pitching: LHP António Carrillo
Batting: RHB Dana Ward 0-0: Foul Ball, location: 2F
0-1: Ball
1-1: Swinging Strike
1-2: Strikes out looking
Bottom of the 4th over - 0 runs, 1 hit, 0 errors, 2 left on base; DSL Los Angeles (A) 0 - DSL Texas 2
TOP OF THE 5TH
DSL Los Angeles (A) Angels batting - Pitching for DSL Texas Rangers : RHP Charlie Everett
Batting: LHB Juan Fabián 0-0: Foul Ball, location: 2RF
0-1: Called Strike
0-2: Ball
1-2: Strikes out looking
Batting: SHB Dani Vega 0-0: Ball
1-0: Called Strike
1-1: Foul Ball, location: 5F
1-2: Ball
2-2: Strikes out swinging
Batting: SHB José Hernández 0-0: Called Strike
0-1: Called Strike
0-2: Ball
1-2: Strikes out swinging
Top of the 5th over - 0 runs, 0 hits, 0 errors, 0 left on base; DSL Los Angeles (A) 0 - DSL Texas 2
BOTTOM OF THE 5TH
DSL Texas Rangers batting - Pitching for DSL Los Angeles (A) Angels : LHP António Carrillo
Batting: RHB Chris Armstrong 0-0: Called Strike
0-1: Ball
1-1: Foul Ball, location: 9LDF
1-2: Hit by Pitch
Batting: RHB Mike Gaughan 0-0: Ball
1-0: Ball
2-0: Called Strike
2-1: Bunted foul
2-2: Foul Ball, location: 9LDF
2-2: Ball
3-2: Strikes out swinging
Batting: LHB Luis Fontanez 0-0: Called Strike
0-1: Swinging Strike
0-2: Foul Ball, location: 5F
0-2: Strikes out swinging
Batting: LHB Dan Lee 0-0: Ball
1-0: Ball
2-0: Called Strike
2-1: Swinging Strike
2-2: Ball
3-2: Base on Balls
Chris Armstrong to second
Batting: RHB Ron Hawkins 0-0: Ball
1-0: Called Strike
1-1: Called Strike
1-2: Ball
2-2: Strikes out swinging
Bottom of the 5th over - 0 runs, 0 hits, 0 errors, 2 left on base; DSL Los Angeles (A) 0 - DSL Texas 2
TOP OF THE 6TH
DSL Los Angeles (A) Angels batting - Pitching for DSL Texas Rangers : RHP Charlie Everett
Batting: RHB Manny García 0-0: Called Strike
0-1: Ball
1-1: Foul Ball, location: 2F
1-2: Ball
2-2: Strikes out swinging
Batting: RHB Alfredo Ramírez 0-0: Swinging Strike
0-1: Ground out 4-3 (Groundball, 4, EV 83.1 MPH)
Batting: RHB Nelson Santos 0-0: Ball
1-0: Called Strike
1-1: Foul Ball, location: 5FF
1-2: Ball
2-2: Ball
3-2: Strikes out swinging
Top of the 6th over - 0 runs, 0 hits, 0 errors, 0 left on base; DSL Los Angeles (A) 0 - DSL Texas 2
BOTTOM OF THE 6TH
DSL Texas Rangers batting - Pitching for DSL Los Angeles (A) Angels : LHP António Carrillo
Batting: RHB Eddie King 0-0: Called Strike
0-1: Ground out 4-3 (Groundball, 4, EV 108.8 MPH)
Batting: RHB Steve Palmer 0-0: TRIPLE (Flyball, 8LXD, EV 93.8 MPH)
Pitching: RHP Raúl Antúnez
Batting: LHB Greg Ibáñez 0-0: Foul Ball, location: 2F
0-1: Ball
1-1: Ball
2-1: Ground out U3 (Groundball, 34, EV 109.4 MPH)
Steve Palmer scores
Batting: RHB Dana Ward 0-0: Swinging Strike
0-1: Ball
1-1: Ball
2-1: Ball
3-1: Base on Balls
Batting: RHB Chris Armstrong 0-0: Ball
1-0: Ball
2-0: Ball
3-0: Called Strike
3-1: Foul Ball, location: 2F
3-2: Base on Balls
Dana Ward to second
Batting: RHB Mike Gaughan 0-0: Ball
1-0: Ball
2-0: Ball
3-0: Called Strike
3-1: DOUBLE (Flyball, 8RXD, EV 100.0 MPH)
Dana Ward scores
Chris Armstrong to third
Batting: LHB Luis Fontanez 0-0: Ball
1-0: Ball
2-0: SINGLE (Line Drive, 9LS, EV 105.0 MPH)
Chris Armstrong scores
Mike Gaughan to third
Runner from 3rd tries for Home, SAFE, throw by RF to home
Luis Fontanez to second
Batting: LHB Dan Lee 0-0: Ball
1-0: Ball
2-0: Ball
3-0: Called Strike
3-1: Base on Balls
Batting: RHB Ron Hawkins 0-0: 3-RUN HOME RUN (Flyball, 9D, EV 95.6 MPH), Distance : 384 ft
Pitching: RHP Jorge Díaz
Batting: RHB Eddie King 0-0: Ball
1-0: Ball
2-0: Foul Ball, location: 2F
2-1: Foul Ball, location: 2LF
2-2: Foul Ball, location: 9LSF
2-2: Ball
3-2: Fly out, F9 (Flyball, 9D, EV 103.1 MPH)
Bottom of the 6th over - 7 runs, 4 hits, 0 errors, 0 left on base; DSL Los Angeles (A) 0 - DSL Texas 9
TOP OF THE 7TH
DSL Los Angeles (A) Angels batting - Pitching for DSL Texas Rangers : RHP Charlie Everett
Batting: LHB Mauro Aranda 0-0: Swinging Strike
0-1: Foul Ball, location: 3F
0-2: Strikes out swinging
Batting: RHB António Toro 0-0: Called Strike
0-1: Called Strike
0-2: Ground out 6-3 (Groundball, 6, EV 102.5 MPH)
Batting: RHB Octávio Ramírez 0-0: Ball
1-0: Called Strike
1-1: Foul Ball, location: 2F
1-2: DOUBLE (Flyball, 8LXD, EV 94.4 MPH)
Batting: LHB Juan Fabián 0-0: Called Strike
0-1: Called Strike
0-2: Strikes out swinging
Top of the 7th over - 0 runs, 1 hit, 0 errors, 1 left on base; DSL Los Angeles (A) 0 - DSL Texas 9
BOTTOM OF THE 7TH
DSL Texas Rangers batting - Pitching for DSL Los Angeles (A) Angels : RHP Jorge Díaz
Batting: RHB Steve Palmer 0-0: Ball
1-0: Ball
2-0: Called Strike
2-1: Ground out 5-3 (Groundball, 56, EV 102.5 MPH)
Pinch Hitting: RHB Dave Welch 0-0: Ground out 6-3 (Groundball, 6, EV 87.5 MPH)
Pinch Hitting: LHB Jim Clay 0-0: Called Strike
0-1: Swinging Strike
0-2: Ball
1-2: Strikes out swinging
Bottom of the 7th over - 0 runs, 0 hits, 0 errors, 0 left on base; DSL Los Angeles (A) 0 - DSL Texas 9
TOP OF THE 8TH
DSL Los Angeles (A) Angels batting - Pitching for DSL Texas Rangers : RHP Charlie Everett
Now at 1B: Jim Clay
Now in LF: Dave Welch
Batting: SHB Dani Vega 0-0: Foul Ball, location: 2F
0-1: Ball
1-1: Ball
2-1: Ball
3-1: Called Strike
3-2: Foul Ball, location: 2F
3-2: Strikes out swinging
Batting: SHB José Hernández 0-0: Ball
1-0: Fly out, F7 (Line Drive, 78M, EV 91.9 MPH)
Pitching: RHP Dave Webber
Batting: RHB José Cruzado 0-0: Called Strike
0-1: SINGLE (Line Drive, 9S, EV 82.5 MPH)
Pinch Hitting: RHB Juan López 0-0: Fielders Choice at 2nd, 5-4 (Groundball, 5, EV 76.9 MPH)
Top of the 8th over - 0 runs, 1 hit, 0 errors, 1 left on base; DSL Los Angeles (A) 0 - DSL Texas 9
BOTTOM OF THE 8TH
DSL Texas Rangers batting - Pitching for DSL Los Angeles (A) Angels : RHP Jorge Díaz
Now at SS: Juan López
Batting: RHB Chris Armstrong 0-0: Called Strike
0-1: Ball
1-1: Fly out, F6 (Line Drive, 6, EV 70.0 MPH)
Batting: RHB Mike Gaughan 0-0: Ball
1-0: Ball
2-0: Called Strike
2-1: Foul Ball, location: 2F
2-2: Fly out, F8 (Flyball, 8RM, EV 92.5 MPH)
Batting: LHB Luis Fontanez 0-0: Ball
1-0: Ball
2-0: Ball
3-0: Called Strike
3-1: Foul Ball, location: 2RF
3-2: Foul Ball, location: 2F
3-2: Foul Ball, location: 3F
3-2: Strikes out looking
Bottom of the 8th over - 0 runs, 0 hits, 0 errors, 0 left on base; DSL Los Angeles (A) 0 - DSL Texas 9
TOP OF THE 9TH
DSL Los Angeles (A) Angels batting - Pitching for DSL Texas Rangers : RHP Dave Webber
Pinch Hitting: RHB Orlando Lópes 0-0: Foul Ball, location: 2F
0-1: Ball
1-1: Fly out, F9 (Flyball, 9LM, EV 106.3 MPH)
Pinch Hitting: SHB Luis Féliz 0-0: Called Strike
0-1: Called Strike
0-2: Strikes out swinging
Pinch Hitting: RHB Sergio Alonso 0-0: Swinging Strike
0-1: Ball
1-1: Foul Ball, location: 9LMF
1-2: Ball
2-2: Ball
3-2: Strikes out swinging
Top of the 9th over - 0 runs, 0 hits, 0 errors, 0 left on base; DSL Los Angeles (A) 0 - DSL Texas 9
Wednesday, April 3rd , 2024 - OOTP Baseball 24.10 Build 82